 Dungeon Crawl Stone Soup version 0.24-a0-189-g5d897e9 (webtiles) character file.

Game seed: 6404239032825110215

446 Kled the Slasher (level 7, -1/54 HPs)
             Began as a Barachi Skald on Mar 16, 2019.
             Was a Believer of Elyvilon.
             Slain by a sky beast (5 damage)
             ... on level 3 of the Dungeon.
             The game lasted 00:17:23 (4660 turns).

Kled the Slasher (Barachi Skald)                    Turns: 4660, Time: 00:17:24

Health: -1/54      AC: 11    Str: 14    XL:     7   Next: 3%
Magic:  2/12       EV: 11    Int: 13    God:    Elyvilon [**....]
Gold:   175        SH:  0    Dex: 12    Spells: 10/13 levels left

rFire    . . .     SeeInvis .   a - +0 falchion
rCold    . . .     Gourm    .   (no shield)
rNeg     . . .     Faith    .   p - +1 scale mail {MR+}
rPois    .         Spirit   .   k - +0 helmet
rElec    .         Reflect  .   (no cloak)
rCorr    .         Harm     .   (no gloves)
MR       +....                  s - +2 pair of boots
Stlth    ..........             (no amulet)
HPRegen  0.18/turn              (no ring)
MPRegen  0.13/turn              (no ring)

@: infused (expiring), slow
A: +LOS, swims, slowness 1, strong legs 1
a: Hop, Lesser Healing, Heal Other, Divine Protection, Renounce Religion


You were on level 3 of the Dungeon.
You worshipped Elyvilon.
Elyvilon was pleased with you.
You were not hungry.

You visited 1 branch of the dungeon, and saw 5 of its levels.

You collected 175 gold pieces.

Inventory:

Hand Weapons
 a - a +0 falchion (weapon)
 e - a +0 spear
Missiles
 c - 8 javelins of returning (quivered)
Armour
 b - a +0 leather armour
 k - a +0 helmet (worn)
 l - a +0 ring mail
 p - a +1 scale mail of magic resistance (worn)
 s - a +2 pair of boots (worn)
Wands
 j - a wand of acid (11)
Scrolls
 m - a scroll of teleportation
 n - a scroll of fog
 o - 2 scrolls of amnesia
 r - 2 scrolls of remove curse
 t - a scroll of fear
Potions
 f - 2 potions of degeneration {unknown}
 g - a potion of haste
 h - 2 potions of cancellation
 i - 2 potions of brilliance
 q - 2 potions of mutation {unknown}
Comestibles
 d - 9 rations


   Skills:
 * Level 4.3 Fighting
 + Level 4.4 Long Blades
 + Level 2.6 Armour
 * Level 4.1 Dodging
 + Level 1.3 Stealth
 * Level 3.7 Spellcasting
 + Level 3.8 Charms


You had 10 spell levels left.
You knew the following spells:

 Your Spells              Type           Power        Failure   Level  Hunger
a - Infusion              Chrm           ##..         19%         1    #......
b - Song of Slaying       Chrm           ##......     26%         2    ##.....

Your spell library contained the following spells:

 Spells                   Type           Power        Failure   Level  Hunger
 Shroud of Golubria       Chrm/Tloc      #.........   52%         2    ##.....
 Regeneration             Chrm/Necr      #.........   75%         3    ###....
 Spectral Weapon          Hex/Chrm       #.......     75%         3    ###....


Dungeon Overview and Level Annotations

Branches:
Dungeon (5/15)
 Temple: D:4-7

Altars:
Dithmenos
Elyvilon

Shops:
D:4 [

Annotations:
D:3 1 runed translucent door, Sigmund; Trevor's ghost, amateur KoWn
D:5 Pikel


Innate Abilities, Weirdness & Mutations

Shadows flee at your approach. (+LOS)
You can swim through water.
You cover ground slowly.
You can hop short distances.


Message History

* * * LOW HITPOINT WARNING * * *
Something shocks you.
* * * LOW HITPOINT WARNING * * *
You are healed.
You feel somewhat more hungry. Something hits you but does no damage.
Your song has ended.
Something hits you.
* * * LOW HITPOINT WARNING * * *
Something shocks you.
* * * LOW HITPOINT WARNING * * *
Your magical infusion is running out.
You see here a stone.
A sky beast appears from thin air!
Reactivating autopickup.
You hit the sky beast.
The sky beast is almost dead.
The sky beast hits you.
* * * LOW HITPOINT WARNING * * *
The sky beast shocks you.
You die...

########### # #.........########
#.. ####
#................#######.. #...
#......................#...#...
###.............@Y§......#...#...
..#.............###..............
#.#.............# #..............
#.#.............# #†.≈...........
#......#........# ##...#######...
+........#......# #..... #...
#...............# ##..... #...
#.>.....^.......####........ #...
#............................#...


You could see a sky beast.

Vanquished Creatures
  A slave (D:4)
  A scorpion (D:4)
  A crimson imp (D:5)
  2 orc wizards
  A bullfrog skeleton (D:5)
  Natasha (D:3)
  2 worker ants
  Robin (D:3)
  A gnoll (D:1)
  10 adders
  4 worms
  2 dart slugs (D:1)
  A leopard gecko (D:1)
  14 orcs
  4 bats
  4 giant cockroaches
  7 hobgoblins (D:3)
  2 jackals (D:1)
  4 kobolds
  A quokka (D:2)
  4 ball pythons
  3 frilled lizards
  7 goblins
  A jackal skeleton (D:5)
  A leopard gecko skeleton (D:5)
  5 rats
85 creatures vanquished.

Vanquished Creatures (others)
  A quokka (D:2)
  2 withered plants (D:3)
3 creatures vanquished.

Grand Total: 88 creatures vanquished

Notes
Turn   | Place    | Note
-------+----------+-------------------------------------------
     0 | D:1      | Kled the Barachi Skald began the quest for the Orb.
     0 | D:1      | Reached XP level 1. HP: 17/17 MP: 3/3
   152 | D:1      | Reached XP level 2. HP: 17/23 MP: 3/5
   451 | D:1      | Reached XP level 3. HP: 18/28 MP: 7/7
   662 | D:1      | Learned a level 2 spell: Song of Slaying
  1340 | D:2      | Reached XP level 4. HP: 33/34 MP: 8/8
  1640 | D:2      | Found a white marble altar of Elyvilon.
  1648 | D:2      | Became a worshipper of Elyvilon the Healer
  2180 | D:3      | Reached XP level 5. HP: 24/41 MP: 1/9
  2307 | D:3      | Found a runed translucent door.
  2308 | D:3      | Noticed Trevor's ghost (amateur KoWn)
  2335 | D:3      | Reached skill level 1 in Stealth
  2382 | D:3      | Reached * piety under Elyvilon
  2487 | D:3      | Noticed Robin
  2516 | D:3      | Killed Robin
  2943 | D:3      | Noticed Sigmund
  3224 | D:4      | Reached XP level 6. HP: 45/47 MP: 2/11
  3370 | D:4      | Found Feli's Antique Armour Emporium.
  3802 | D:4      | Reached ** piety under Elyvilon
  4039 | D:4      | Found a shadowy altar of Dithmenos.
  4235 | D:5      | Entered Level 5 of the Dungeon
  4318 | D:5      | Noticed a slave
  4318 | D:5      | Noticed a slave
  4318 | D:5      | Noticed Pikel
  4370 | D:4      | Killed a slave
  4565 | D:5      | Noticed a slave
  4631 | D:3      | Noticed Natasha
  4631 | D:3      | Noticed a sky beast
  4641 | D:3      | Killed Natasha
  4641 | D:3      | Reached XP level 7. HP: 46/54 MP: 5/12
  4660 | D:3      | Slain by a sky beast

Levels and vault maps discovered:
D:1:      tarquinn_simple_flora_water_d, layout_basic
D:2:      cheibrodos_old_hovel, layout_basic, first_ration, elyvilon_altar_4
D:3:      layout_basic, gammafunk_ghost_grave, uniq_sigmund, uniq_natasha,
          uniq_robin
D:4:      layout_basic, serial_shops, shop, grunt_dithmenos_smoke_and_mirrors
D:5:      layout_cave_pools, okawaru_gym_becter, uniq_pikel, uniq_edmund,
          uniq_duvessa

Skill      XL: |  1  2  3  4  5  6 |
---------------+-------------------+-----
Long Blades    | 3 4 |  4.4
Dodging        | 3 4 |  4.1
Spellcasting   | 3 |  3.7
Fighting       | 3 4 |  4.3
Armour         | 2 |  2.6
Stealth        | 1 |  1.3
Charms         | |  3.8

Action                   |  1- 3 |  4- 6 |  7- 9 || total
-------------------------+-------+-------+-------++-------
Melee: Falchion          |    85 |   238 |    13 ||   336
 Cast: Infusion          |     2 |    21 |       ||    23
       Song of Slaying   |       |     5 |       ||     5
Invok: Lesser Healing    |       |       |     2 ||     2
  Use: Scroll            |     6 |     9 |       ||    15
       Potion            |       |     2 |       ||     2
  Eat: Chunk             |     2 |    10 |       ||    12
       Ration            |       |     1 |       ||     1
Armor: Leather armour    |     4 |       |       ||     4
       Ring mail         |    39 |    13 |       ||    52
       Scale mail        |       |    76 |    10 ||    86
Dodge: Dodged            |    64 |   136 |       ||   200
       Rpst.: Falchion   |    20 |    46 |       ||    66

Table legend:
 A = Non-vault XP
 B = Vault XP
 C = Vault XP percentage of total XP
 D = Non-vault monster count
 E = Vault monster count
 F = Vault count percentage of total count
                 A         B        C        D         E       F
            +---------+---------+-------+---------+---------+-------
      Total |     563 |      75 |  11.8 |      71 |      13 |  15.5
            +---------+---------+-------+---------+---------+-------
        D:1 |      49 |       0 |   0.0 |      18 |       0 |   0.0
        D:2 |      83 |       5 |   5.7 |      13 |       1 |   7.1
        D:3 |     136 |      70 |  34.0 |      21 |      12 |  36.4
        D:4 |     190 |       0 |   0.0 |      14 |       0 |   0.0
        D:5 |     105 |       0 |   0.0 |       5 |       0 |   0.0
            +---------+---------+-------+---------+---------+-------
